 Dungeon Crawl Stone Soup version 0.29.1-2-gbd0b4ee654 (webtiles) character file.

Game seed: 12617187229156654800

2987 zeram the Blocker (level 9, -11/74 HPs)
             Began as a Gnoll Fighter on Nov 14, 2022.
             Was an Initiate of Gozag.
             Mangled by a gnoll sergeant
             ... wielding a +0 glaive
              (13 damage)
             ... in a bailey.
             The game lasted 00:20:32 (9833 turns).

zeram the Blocker (Gnoll Fighter)                   Turns: 9833, Time: 00:20:32

Health: -11/74     AC:  6    Str: 21    XL:     9   Next: 83%
Magic:  16/16      EV: 17    Int: 13    God:    Gozag
Gold:   723        SH:  7    Dex: 15    Spells: 14/17 levels left

rFire   + . .      SeeInvis .   a - +1 war axe
rCold   . . .      Faith    .   c - +1 buckler
rNeg    . . .      Spirit   .   m - +2 robe of Xom's Castigation {rElec rF+ Dex+4 Stlth-}
rPois   .          Reflect  .   o - +0 helmet
rElec   +          Harm     .   (no cloak)
rCorr   .          Rampage  .   (no gloves)
Will    .....                   (no boots)
Stlth   ++........              i - amulet of the acrobat
HPRegen 0.22/turn               f - +6 ring of strength
MPRegen 0.15/turn               y - +4 ring of evasion

@: weakened, gold aura
A: fangs 1, strong nose, distributed training
a: Renounce Religion, Potion Petition, Call Merchant, Bribe Branch


You were in a bailey.
You worshipped Gozag.
Gozag was pleased with you.
You visited 2 branches of the dungeon, and saw 9 of its levels.
You also visited: Ossuary and Bailey.

You collected 901 gold pieces.
You paid 178 gold pieces to Gozag.

Inventory:

Hand Weapons
 a - a +1 war axe (weapon)
 d - a +0 spear
 k - a +4 whip
Missiles
 v - 4 throwing nets (quivered)
Armour
 b - a +0 scale mail
 c - a +1 buckler (worn)
 m - the +2 robe of Xom's Castigation (worn) {rElec rF+ Dex+4 Stlth-}
   (You found it on level 3 of the Dungeon)

   Dex:       It affects your dexterity (+4).
   rF:        It protects you from fire.
   rElec:     It insulates you from electricity.
   Stlth:     It makes you less stealthy.
 o - a +0 helmet (worn)
Jewellery
 f - a +6 ring of strength (left hand)
 i - an amulet of the acrobat (around neck)
 j - a +6 ring of strength
 l - an amulet of guardian spirit
 p - a ring of positive energy
 y - a +4 ring of evasion (right hand)
Wands
 q - a wand of roots (10)
Scrolls
 h - a scroll of fog
 u - 2 scrolls of magic mapping
Potions
 e - 2 potions of lignification
 g - a potion of ambrosia {unknown}
 n - a potion of magic {unknown}
 r - 4 potions of degeneration
 s - a potion of attraction {unknown}
 w - 2 potions of brilliance {unknown}
 x - 2 potions of flight {unknown}


   Skills:
 + Level 8.2 Fighting
 + Level 4.8 Short Blades
 + Level 4.8 Long Blades
 + Level 6.7 Axes
 + Level 4.8 Maces & Flails
 + Level 4.8 Polearms
 + Level 4.8 Staves
 + Level 4.8 Ranged Weapons
 + Level 4.8 Throwing
 + Level 8.2 Armour
 + Level 4.8 Dodging
 + Level 4.8 Stealth
 + Level 8.2 Shields
 + Level 4.8 Unarmed Combat
 + Level 4.8 Spellcasting
 + Level 4.0 Conjurations
 + Level 4.0 Hexes
 + Level 4.0 Summonings
 + Level 4.0 Necromancy
 + Level 4.0 Translocations
 + Level 4.0 Transmutations
 + Level 4.0 Fire Magic
 + Level 4.0 Ice Magic
 + Level 4.0 Air Magic
 + Level 4.0 Earth Magic
 + Level 4.0 Poison Magic
 + Level 5.3 Invocations
 + Level 4.8 Evocations


You had 14 spell levels left.
You knew the following spells:

 Your Spells              Type           Power      Damage    Failure   Level
a - Vampiric Draining     Necr           13%        2d6       14%         3

Your spell library contained the following spells:

 Spells                   Type           Power      Damage    Failure   Level
 Apportation              Tloc           26%        N/A       4%          1
 Slow                     Hex            52%        N/A       4%          1
 Summon Small Mammal      Summ           52%        N/A       4%          1
 Call Canine Familiar     Summ           13%        N/A       14%         3
 Confusing Touch          Hex            13%        N/A       14%         3
 Summon Guardian Golem    Hex/Summ       13%        N/A       14%         3
 Alistair's Intoxication  Tmut/Pois      8%         N/A       77%         5
 Freezing Cloud           Conj/Ice/Air   6%         6-21      77%         5
 Conjure Ball Lightning   Conj/Air       6%         3x3d6     100%        6
 Discord                  Hex            6%         N/A       100%        8
 Disjunction              Tloc           6%         N/A       100%        8


Dungeon Overview and Level Annotations

Branches:
Dungeon (8/15)             Temple (1/1) D:6            Lair (0/5) D:8
Ossuary (visited)          Bailey (1/1)

Altars:
Ashenzari
Cheibriados
Dithmenos
Elyvilon
Fedhas
Gozag
Hepliaklqana
Kikubaaqudgha
Makhleb
Nemelex Xobeh
Okawaru
Ru
Sif Muna
Trog
Uskayaw
Vehumet
Wu Jian
Xom
Yredelemnul
Zin
The Shining One

Annotations:
Temple 2 transporters


Innate Abilities, Weirdness & Mutations

You have very sharp teeth.
Your uncanny sense of smell can sniff out nearby items.
Your experience applies equally to all skills.


Message History

The gnoll sergeant misses you.
You hit the gnoll sergeant but do no damage.
The gnoll sergeant is lightly wounded.
You hit the gnoll bouda but do no damage.
You barely miss the gnoll sergeant.
The gnoll sergeant is no longer moving quickly.
The gnoll sergeant barely misses you.
The gnoll bouda gazes fiercely through you!
You feel your attacks grow feeble. You block the gnoll bouda's attack.
The gnoll sergeant closely misses you.
The gnoll sergeant hits you with a +0 glaive!
* * * LOW HITPOINT WARNING * * *
You hit the gnoll sergeant but do no damage.
Your bite misses the gnoll sergeant.
The gnoll sergeant is lightly wounded.
You hit the gnoll bouda. You slash the gnoll sergeant!
You kill the gnoll sergeant!
You block the gnoll bouda's attack. The gnoll sergeant barely misses you.
The gnoll bouda closely misses you.
You hit the gnoll bouda.
You kill the gnoll bouda!
You hit the gnoll sergeant but do no damage.
You block the gnoll sergeant's attack.
Your Conjurations skill increases to level 4!
Your Hexes skill increases to level 4!
Your Summonings skill increases to level 4!
Your Necromancy skill increases to level 4!
Your Translocations skill increases to level 4!
Your Transmutations skill increases to level 4!
Your Fire Magic skill increases to level 4!
Your Ice Magic skill increases to level 4!
Your Air Magic skill increases to level 4!
Your Earth Magic skill increases to level 4!
Your Poison Magic skill increases to level 4!
Unknown command.
You hit the gnoll sergeant.
The gnoll sergeant is lightly wounded.
The gnoll sergeant hits you with a +0 glaive!
You die...
Your body crumbles into a pile of gold.

###..≈.♣ ∆#..≈.♣♣
$#..≈..♣ #### ∆#..≈..♣
##...## #..≈..♣♣
##.....######..≈...♣♣
#...$...#...'.......♣♣♣
+...8.$.'...'.).)..∩..∩
#...$g@.#...'..)....♣♣♣
##...$.######..≈...♣♣
##...## #..≈...♣ ####
∆#..≈...♣ ∆#..≈..♣♣
∆#..≈.♣♣ #..≈.♣ ..≈≈♣♣
≈≈≈♣♣


You could see a gnoll sergeant (swift).

Vanquished Creatures
  Menkaure (Ossuary)
  3 water moccasins
  2 sky beasts (D:7)
  An ice beast (D:7)
  2 black bears
  A phantom (D:7)
  2 centaurs
  A kobold brigand (D:6)
  2 necrophages
  A gnoll sergeant (Bailey)
  3 scorpions
  5 wights (D:6)
  A howler monkey (D:6)
  4 jellies
  2 centaur zombies (Ossuary)
  6 hounds
  An orc priest (D:3)
  A gnoll bouda (Bailey)
  6 iguanas
  An orc wizard (D:7)
  Natasha (thrice) (D:2)
  3 ogre zombies (Ossuary)
  6 mummies (Ossuary)
  9 gnolls
  7 adders
  2 shadow imps
  A white imp (D:7)
  An ufetubus (D:5)
  5 adder zombies (Ossuary)
  15 dart slugs
  17 orcs
  A bat (D:2)
  7 endoplasms
  2 giant cockroaches
  8 goblins
  10 hobgoblins
  2 jackals (D:3)
  A quokka (D:4)
  4 ball pythons
  3 frilled lizards
  A goblin zombie (Ossuary)
  3 hobgoblin zombies (Ossuary)
  14 kobolds
  6 kobold zombies (Ossuary)
  A quokka zombie (Ossuary)
  3 rats
  9 rat zombies (Ossuary)
190 creatures vanquished.

Notes
Turn   | Place    | Note
-------+----------+-------------------------------------------
     0 | D:1      | zeram the Gnoll Fighter began the quest for the Orb.
     0 | D:1      | Reached XP level 1. HP: 23/23 MP: 1/1
   125 | D:1      | Reached XP level 2. HP: 29/29 MP: 2/2
   400 | D:1      | Found a faded altar of an unknown god.
   693 | D:2      | Found a burning altar of Makhleb.
   779 | D:2      | Reached XP level 3. HP: 31/35 MP: 3/3
  1014 | D:2      | Noticed Natasha
  1022 | D:2      | Killed Natasha
  1023 | D:2      | Reached skill level 1 in Short Blades
  1023 | D:2      | Reached skill level 1 in Long Blades
  1023 | D:2      | Reached skill level 1 in Maces & Flails
  1023 | D:2      | Reached skill level 1 in Polearms
  1023 | D:2      | Reached skill level 1 in Staves
  1023 | D:2      | Reached skill level 1 in Ranged Weapons
  1023 | D:2      | Reached skill level 1 in Throwing
  1023 | D:2      | Reached skill level 1 in Dodging
  1023 | D:2      | Reached skill level 1 in Stealth
  1023 | D:2      | Reached skill level 1 in Unarmed Combat
  1023 | D:2      | Reached skill level 1 in Spellcasting
  1023 | D:2      | Reached skill level 1 in Invocations
  1023 | D:2      | Reached skill level 1 in Evocations
  1191 | D:2      | Noticed Natasha
  1198 | D:2      | Killed Natasha
  1199 | D:2      | Reached XP level 4. HP: 29/41 MP: 5/5
  1230 | D:2      | Noticed Natasha
  1239 | D:2      | Killed Natasha
  1240 | D:2      | Reached skill level 1 in Conjurations
  1240 | D:2      | Reached skill level 1 in Hexes
  1240 | D:2      | Reached skill level 1 in Summonings
  1240 | D:2      | Reached skill level 1 in Necromancy
  1240 | D:2      | Reached skill level 1 in Translocations
  1240 | D:2      | Reached skill level 1 in Transmutations
  1240 | D:2      | Reached skill level 1 in Fire Magic
  1240 | D:2      | Reached skill level 1 in Ice Magic
  1240 | D:2      | Reached skill level 1 in Air Magic
  1240 | D:2      | Reached skill level 1 in Earth Magic
  1240 | D:2      | Reached skill level 1 in Poison Magic
  1528 | D:3      | Reached XP level 5. HP: 41/47 MP: 7/7
  2380 | D:3      | Reached XP level 6. HP: 53/53 MP: 8/8
  2585 | D:3      | Identified the +2 robe of Xom's Castigation {rElec rF+
                  | Dex+4 Stlth-}
  2808 | D:4      | Reached skill level 5 in Axes
  2999 | D:4      | Reached XP level 7. HP: 32/59 MP: 10/10
  3032 | D:4      | Found a sand-covered staircase.
  3039 | Ossuary  | Entered an ossuary
  3643 | Ossuary  | Noticed Menkaure
  3653 | Ossuary  | Killed Menkaure
  3994 | Ossuary  | Reached XP level 8. HP: 67/67 MP: 12/12
  4331 | D:4      | Identified the +1 robe "Asec" {Will+ Str+3}
  4424 | D:5      | Entered Level 5 of the Dungeon
  5999 | D:6      | Found a staircase to the Ecumenical Temple.
  6022 | Temple   | Entered the Ecumenical Temple
  6022 | Temple   | Found a transporter.
  6022 | Temple   | Found a transporter.
  6207 | Temple   | Found a transporter.
  6207 | Temple   | Found a transporter.
  6234 | Temple   | Became a worshipper of Gozag Ym Sagoz the Greedy
  6448 | D:6      | Reached XP level 9. HP: 29/73 MP: 14/14
  6452 | D:6      | Learned a level 3 spell: Vampiric Draining
  7540 | D:7      | Got Sif Muna's Vademecum on the Fulgurant Blizzard
  7947 | D:7      | Found a glowing silver altar of Zin.
  7947 | D:7      | Found a shimmering altar of Xom.
  7948 | D:7      | Found a white marble altar of Elyvilon.
  7968 | D:7      | Found an ornate altar of the Wu Jian Council.
  8541 | D:7      | Reached skill level 5 in Invocations
  9469 | D:8      | Found a flagged portal.
  9489 | Bailey   | Entered a bailey
  9830 | Bailey   | HP: 2/74 [gnoll sergeant/+0 glaive (16)]
  9833 | Bailey   | Mangled by a gnoll sergeant

Illustrated notes

Levels and vault maps discovered:
D:1:      dpeg_arrival_rooms_b, layout_rooms, shapermc_ecumenical_altar_petra
D:2:      layout_basic, basic_altar, minmay_crystal_water, uniq_natasha
D:3:      kennysheep_slugbush, layout_basic
D:4:      layout_rooms, nicolae_ossuary_entry_ruins
D:5:      layout_basic, minivault_23, uniq_menkaure
D:6:      layout_loops_ring, minmay_temple_entry_large_hall
D:7:      layout_basic, nicolae_overflow_quartered_altars, hex_intersection,
          serial_park_tiny_pond
D:8:      layout_layer_cave, nicolae_overflow_crystal_walls,
          david_lair_shrubbed, enter_bailey_3, uniq_gastronok
Temple:   hellmonk_temple_divided_pantheon
Bailey:   bailey_polearm_gnolls_kennysheep, bailey

Skill      XL: |  1  2  3  4  5  6  7  8  9 |
---------------+----------------------------+-----
Short Blades   | 1 2 3 4 |  4.8
Long Blades    | 1 2 3 4 |  4.8
Maces & Flails | 1 2 3 4 |  4.8
Polearms       | 1 2 3 4 |  4.8
Staves         | 1 2 3 4 |  4.8
Ranged Weapons | 1 2 3 4 |  4.8
Throwing       | 1 2 3 4 |  4.8
Dodging        | 1 2 3 4 |  4.8
Stealth        | 1 2 3 4 |  4.8
Unarmed Combat | 1 2 3 4 |  4.8
Spellcasting   | 1 2 3 4 |  4.8
Invocations    | 1 2 3 4 5 |  5.3
Evocations     | 1 2 3 4 |  4.8
Conjurations   | 1 2 3 4 |  4.0
Hexes          | 1 2 3 4 |  4.0
Summonings     | 1 2 3 4 |  4.0
Necromancy     | 1 2 3 4 |  4.0
Translocations | 1 2 3 4 |  4.0
Transmutations | 1 2 3 4 |  4.0
Fire Magic     | 1 2 3 4 |  4.0
Ice Magic      | 1 2 3 4 |  4.0
Air Magic      | 1 2 3 4 |  4.0
Earth Magic    | 1 2 3 4 |  4.0
Poison Magic   | 1 2 3 4 |  4.0
Axes           | 5 6 |  6.7
Fighting       | 7 8 |  8.2
Armour         | 7 8 |  8.2
Shields        | 7 8 |  8.2

Action                   |  1- 3 |  4- 6 |  7- 9 || total
-------------------------+-------+-------+-------++-------
Melee: War axe           |    54 |   140 |   414 ||   608
       Bite              |     3 |     8 |    47 ||    58
  Use: Scroll            |     1 |     6 |    12 ||    19
       Potion            |       |       |    10 ||    10
 Stab: Distracted        |       |       |     1 ||     1
       Sleeping          |       |       |     1 ||     1
Armor: Scale mail        |    19 |    53 |    54 ||   126
       Robe              |       |       |    31 ||    31
       Skin              |       |       |     4 ||     4
Dodge: Dodged            |    25 |    77 |   314 ||   416
Block: Buckler           |    19 |    27 |   178 ||   224
